 Dungeon Crawl Stone Soup version 0.30.1-9-gdf580d7c3d (webtiles) character file.

Game seed: 9233465302726049427

326 Nonny the Gusty (level 6, -4/28 HPs)
             Began as a Vine Stalker Air Elementalist on Oct 6, 2023.
             Slain by a white imp (6 damage)
             ... on level 5 of the Dungeon.
             The game lasted 00:22:52 (3384 turns).

Nonny the Gusty (Vine Stalker Air Elementalist)     Turns: 3384, Time: 00:22:54

Health: -4/28      AC:  3    Str: 11    XL:     6   Next: 49%
Magic:  0/11       EV: 12    Int: 17    God:
Gold:   334        SH:  0    Dex: 14    Spells: 8/11 levels left

rFire   + + .        t - staff of earth
rCold   x x .        (no shield)
rNeg    . . .        a - +1 robe
rPois   .            (no helmet)
rElec   .            (no cloak)
rCorr   .            (no gloves)
SInv    .            (no boots)
Will    .....        (no amulet)
Stlth   +++          f - ring of fire
HPRegen 1.04/turn    r - ring of fire
MPRegen 0.12/turn

%: guardian spirit
@: no status effects
A: fangs 2, regeneration 1, magic shield, antimagic bite, no potion heal 2
a: no special abilities


You were on level 5 of the Dungeon.
You visited 2 branches of the dungeon, and saw 6 of its levels.

You collected 334 gold pieces.

Inventory:

Missiles
 k - 10 poisoned darts
Armour
 a - a +1 robe (worn)
 s - a +0 kite shield
Magical Staves
 t - a staff of earth (weapon)
Jewellery
 f - a ring of fire (left hand)
 r - a ring of fire (right hand)
Scrolls
 c - 2 scrolls of immolation {unknown}
 d - a scroll of enchant armour
 e - a scroll of fog
 g - a scroll of enchant weapon {unknown}
 h - 2 scrolls of blinking
 i - a scroll of poison {unknown}
 j - 3 scrolls of identify
 o - a scroll of vulnerability {unknown}
Potions
 b - a potion of magic
 l - 4 potions of curing
 m - 3 potions of flight
 n - a potion of might
 p - 4 potions of mutation
 q - 2 potions of cancellation


   Skills:
 + Level 1.3 Staves
 - Level 1.5 Dodging
 - Level 5.0 Stealth
 - Level 3.0 Spellcasting
 - Level 1.0 Conjurations
 + Level 5.5 Air Magic


You had 8 spell levels left.
You knew the following spells:

 Your Spells              Type           Power      Damage    Failure   Level
a - Shock                 Conj/Air       52%        1d6       4%          1
b - Static Discharge      Conj/Air       26%        2-4/arc   7%          2

Your spell library contained the following spells:

 Spells                   Type           Power      Damage    Failure   Level
 Swiftness                Air            21%        N/A       5%          3
 Cigotuvi's Dreadful Rot  Necr/Pois/Air  16%        N/A       12%         2
 Airstrike                Air            10%        2d(2-18)  19%         4
 Mephitic Cloud           Conj/Pois/Air  9%         N/A       22%         3
 Ignite Poison            Fire/Tmut/Pois 5%         N/A       45%         3
 Freezing Cloud           Conj/Ice/Air   4%         6-21      89%         5
 Orb of Destruction       Conj           2%         9d5       100%        7


Dungeon Overview and Level Annotations

Branches:
Dungeon (5/15)             Temple (1/1) D:5

Altars:
Elyvilon
Fedhas
Qazlal
Sif Muna
Trog
Vehumet
Wu Jian
Xom
Yredelemnul
Zin
The Shining One

Shops:
D:5 !

Annotations:
D:4 Sigmund
D:5 Dowan, Duvessa


Innate Abilities, Weirdness & Mutations

You have extremely sharp teeth.
Your natural rate of healing is unusually fast.
When hurt, damage is shared between your health and your magic reserves.
Your bite disrupts and absorbs the magic of your enemies.
Potions cannot restore your health.


Message History

Found 6 gold pieces and a bubbling inky potion.
You see here a scroll of identify.
j - 3 scrolls of identify (gained 1)
Casting: Shock (safe; 4% risk of failure)
Confirm with . or Enter, or press ? or * to list all spells.
Aiming: Shock (safe; 4% risk of failure)
Press: ? - help, Shift-Dir - straight line, f - white imp
Aim: a white imp (68% to hit)
The zap hits the white imp.
The white imp is heavily wounded.
The white imp gestures at you. The puff of frost hits you!
You feel a terrible chill!
Casting: Shock (safe; 4% risk of failure)
Confirm with . or Enter, or press ? or * to list all spells.
Aiming: Shock (safe; 4% risk of failure)
Press: ? - help, Shift-Dir - straight line, f/p - white imp
Aim: a white imp (heavily wounded, 68% to hit)
The zap hits the white imp but does no damage.
The white imp is heavily wounded.
You hear a zap.
You hear a grinding noise.
Unknown command.
Casting: Shock (safe; 4% risk of failure)
Confirm with . or Enter, or press ? or * to list all spells.
You don't have enough magic to cast this spell.
Unknown command.
Found a potion of heal wounds and a scroll of identify.
The white imp gestures at you. The puff of frost hits you!
You feel a terrible chill!
* * * LOW HITPOINT WARNING * * *
Unknown command.
You barely miss the white imp.
The white imp is heavily wounded.
The white imp barely misses you.
You hit the white imp.
You bite the white imp, but do no damage.
The white imp is heavily wounded.
The white imp hits you.
* * * LOW HITPOINT WARNING * * *
The white imp freezes you!
You feel a terrible chill!
You die...

...#.# .##.. .#.#.#
#..?........ #....##.
#..........# ........#
#.......... .
#..##...###......... ..
.#.# .....#!....... ..$
.#.# #............ .....
#..##...........5##.....
...............<@#.>....
........#.###......#...
........................
####.####.##....#.##....
#......##.......#... ...
#......#.....#.###....!.
#..............# .##...
#..............# .# .
#....<.........# !#


You could see a white imp.

Vanquished Creatures
  2 scorpions (D:4)
  Jessica (D:3)
  2 iguanas (D:5)
  4 adders
  An ufetubus (D:5)
  A worm (D:2)
  A dart slug (D:2)
  4 orcs (D:4)
  5 ball pythons
  8 endoplasms
  2 giant cockroaches
  8 goblins
  6 hobgoblins
  10 jackals
  7 bats
  3 frilled lizards
  3 kobolds
  10 rats
78 creatures vanquished.

Notes
Turn   | Place    | Note
-------+----------+-------------------------------------------
     0 | D:1      | Nonny the Vine Stalker Air Elementalist began the quest for
                  | the Orb.
     0 | D:1      | Reached XP level 1. HP: 9/9 MP: 4/4
    18 | D:1      | Starting vault: stone wall checkerboard.
    70 | D:1      | 4chamb floor.
   302 | D:1      | Reached XP level 2. HP: 13/13 MP: 4/6
   317 | D:1      | Northwest chamber has hobgoblin, bat, rat.
   353 | D:1      | ring of fire
   398 | D:1      | Trismegistus Codex in northwest.
   597 | D:1      | Learned a level 2 spell: Static Discharge
   647 | D:1      | Vault: 10 gold pieces stuck behind statues.
   902 | D:2      | Reached XP level 3. HP: 11/16 MP: 3/7
  1195 | D:2      | Got the Atlas of Energy
  1196 | D:2      | Atlas of Energy in center chamber with enemies like two
                  | oozes.
  1337 | D:2      | Gained mutation: Your natural rate of healing is unusually
                  | fast. [Vine Stalker growth]
  1337 | D:2      | Reached XP level 4. HP: 12/21 MP: 1/9
  1672 | D:3      | staff of earth
  1754 | D:3      | Found a basalt altar of Yredelemnul.
  1754 | D:3      | Noticed Jessica
  1756 | D:3      | Killed Jessica
  1784 | D:3      | QEPEKH HOLORYTI - enchant armor
  1785 | D:3      | QASTRA HUELA - fog
  1786 | D:3      | SAC KAUTIOPH - torment
  1787 | D:3      | lumpy green potion - mutation
  1787 | D:3      | QIDDEN WUIR - identify
  1788 | D:3      | bubbling red potion - cancellation
  1789 | D:3      | glowing inky potion - might
  1790 | D:3      | amethyst potion - lignification
  1791 | D:3      | fizzy emerald potion - heal wounds
  1793 | D:3      | pink potion - flight
  1794 | D:3      | FEEFOA MAEG - blinking
  1831 | D:3      | fuming brown potion - curing
  2069 | D:3      | Reached XP level 5. HP: 24/24 MP: 1/10
  2111 | D:2      | D:3 uphatch leads to central chamber of D:2.
  2450 | D:4      | Reached skill level 5 in Air Magic
  2613 | D:4      | Noticed Sigmund
  3009 | D:3      | D:4 uphatch leads to southeastern D:3.
  3080 | D:4      | Reached XP level 6. HP: 26/28 MP: 1/11
  3244 | D:5      | Entered Level 5 of the Dungeon
  3245 | D:5      | D:4 downhatch leads to nearby orc priest.
  3245 | D:5      | Found a staircase to the Ecumenical Temple.
  3256 | D:5      | Noticed Duvessa
  3256 | D:5      | Noticed Dowan
  3262 | Temple   | Entered the Ecumenical Temple
  3263 | Temple   | Temple: little oval. Has some neat blue tiles.
  3278 | D:5      | Found Cesil's Distillery.
  3334 | D:5      | Reached skill level 1 in Staves
  3376 | D:5      | Reached skill level 5 in Stealth
  3382 | D:5      | HP: 1/28 [white imp/puff of frost (10)]
  3384 | D:5      | Slain by a white imp

Illustrated notes .# #########.# ## ##.#.#.#.#.# . #.#.#.#.##.# #.##.#.#.#.#.## # #.#.#.#<#.#...#.### #..#.#.#.#..#...... #.@#.#.#.#...#... ###.#.#.#..### .. #.#.#.#.### ######### Turn 18 on D:1: Starting vault: stone wall checkerboard. ...............# .#####...####### #.....# ##...## ##.## #.# #.# ##'## ##.@.## ##.....## #.......# #.........# +.........+ #....r....# ##.......## ##.....## ##...## Turn 70 on D:1: 4chamb floor. #. +# #. ... #.## .... #..## ..... ##...####...br. #....).@'g..... ##.....##...... #...#.## ..... #..###.# .... #...#.## ... # #.....# #+# . ####.## #.### #### # #.# #.... ..# # #.# ##..# #.# # Turn 317 on D:1: Northwest chamber has hobgoblin, bat, rat. #. #. ##+## #. ##...## #.## ##.....## #.)## ##.......## ##...####.........# #....)..'.........+ ##...†.##......†..# #...#.###......@# #..###.###.....## #...#.## ##...## ### #.....# ##+## ... ####.## #.### #### #.# #.# #.... ..# #.# #.# ##..# #.# #.######## #.# ###...#####.###.##.#.#.# #####.####.......#..>....#.#.#.#. Turn 353 on D:1: ring of fire ### ..# #.# #.# ##+## #.# ##...## #@# ##.....## #.# ##.......## ##.## ##.........####...######### .'.........'............... ##......†..###......####.## ###.......## #..###.# .###.....## #..# #.# ## ##...## #..###.# Turn 398 on D:1: Trismegistus Codex in northwest. ## ##########.# #.# #.# #.### ##...## #r†...# .r...8#8.# ..g...#$#.# .###..8#8@# ........# ####...... ##.##### #. # Turn 647 on D:1: Vault: 10 gold pieces stuck behind statues. #............# #............# #....).†.....# ## #............# ###† #...........[# ########... #............# ###........## # #............####.(.######## ## #............#(...### .####...........@#.#### ...###############.# ##..## #.# ##..# ##.# ##.# #..# #.#### #.## #....# ###.# ####.## ##...# #..#####..### Turn 1196 on D:2: Atlas of Energy in center chamber with enemies like two oozes. # #r ####.#### ........# ..# #.<# #.# #..# #.###..### #.###########.##.....# #......@....>.##.###.# ...#########.....# #.# #.###.###.# #.# #.....# #.# ##.#### #.# #.# #.# #.# #.# #.# #. #<# Turn 1672 on D:3: staff of earth ....>....# #.######.# #### .........#####..# #.######.##.....# #.##..._.# #..)..(..# #.#####..# #.# #### #@# #.# #.######.#### ########...........# #........[....###.<# #.###########.# #..# #.# #.###..### #.###########.##.....# #......)....>.##.###.# ...#########.....# #.# Turn 1784 on D:3: QEPEKH HOLORYTI - enchant armor ....>....# #.######.# #### .........#####..# #.######.##.....# #.##..._.# #..)..(..# #§#####..# #§# #### #@# #.# #§######.#### ########§§.........# #........[....###.<# #.###########.# #..# #.# #.###..### #.###########.##.....# #......)....>.##.###.# ...#########.....# #.# Turn 1785 on D:3: QASTRA HUELA - fog ....>....# #.######.# #### .........#####..# #.######.##.....# #.##..._.# #..)..(..# #§#####..# #§# #### #@# #.# #§######.#### ########§§.........# #........[....###.<# #.###########.# #..# #.# #.###..### #.###########.##.....# #......)....>.##.###.# ...#########.....# #.# Turn 1786 on D:3: SAC KAUTIOPH - torment ....>....# #.######.# #### .........#####..# #.######.##.....# #.##..._.# #..)..(..# #§#####..# #§# #### #@# #.# #§######.#### ########§§.........# #........[....###.<# #.###########.# #..# #.# #.###..### #.###########.##.....# #......)....>.##.###.# ...#########.....# #.# Turn 1787 on D:3: lumpy green potion - mutation ....>....# #.######.# #### .........#####..# #.######.##.....# #.##..._.# #..)..(..# #§#####..# #§# #### #@# #.# #§######.#### ########§§.........# #........[....###.<# #.###########.# #..# #.# #.###..### #.###########.##.....# #......)....>.##.###.# ...#########.....# #.# Turn 1788 on D:3: bubbling red potion - cancellation ....>....# #.######.# #### .........#####..# #.######.##.....# #.##..._.# #..)..(..# #§#####..# #§# #### #@# #.# #§######.#### ########§§.........# #........[....###.<# #.###########.# #..# #.# #.###..### #.###########.##.....# #......)....>.##.###.# ...#########.....# #.# Turn 1789 on D:3: glowing inky potion - might ....>....# #.######.# #### .........#####..# #.######.##.....# #.##..._.# #..)..(..# #§#####..# #§# #### #@# #.# #§######.#### ########§§.........# #........[....###.<# #.###########.# #..# #.# #.###..### #.###########.##.....# #......)....>.##.###.# ...#########.....# #.# Turn 1790 on D:3: amethyst potion - lignification ....>....# #.######.# #### .........#####..# #.######.##.....# #.##..._.# #..)..(..# #§#####..# #§# #### #@# #.# #§######.#### ########§§.........# #........[....###.<# #.###########.# #..# #.# #.###..### #.###########.##.....# #......)....>.##.###.# ...#########.....# #.# Turn 1791 on D:3: fizzy emerald potion - heal wounds ....>....# #.######.# #### .........#####..# #.######.##.....# #.##..._.# #..)..(..# #§#####..# #§# #### #@# #.# #§######.#### ########§§.........# #........[....###.<# #.###########.# #..# #.# #.###..### #.###########.##.....# #......)....>.##.###.# ...#########.....# #.# Turn 1793 on D:3: pink potion - flight .........#####..# #.######.##.....# #.##..._.# #..)..(..# #§#####..# #§# #### #§# #.# #§######.#### ########§@§§.......# #......§§§§§..###.<# #.###########.# #..# #.# #.###..### #.###########.##.....# #......)....>.##.###.# ...#########.....# #.# .#.# #.###.###.# . .# #.# #.....# Turn 1794 on D:3: FEEFOA MAEG - blinking #.#.######## .. #.....>....# ##.###.#.######.# ...............#### ..#####.######.##.. #. #.# #§##.. #. #.# #§§).. #.###.#####.# #§#### #.....@>....# #.# ....##.####### #§# # #. #§#### #. ########§§§§. .. #......§§§§§. #. #.########### #. #.# # #. #.########### #......)....> Turn 1831 on D:3: fuming brown potion - curing

.......#............#
########............#
#....).......#
#............# #
#...........[# ######## #
#............# ###.......
####
#............####.(.######
...##
#............#(...###
##..####........@...#.####
###...###############.# #
###..## #.# # ##..# ##.# #
##.# #..# # #.#### #.## #
#....# ###.# # ####.##
##...# # #..#####..###


Turn 2111 on D:2: D:3 uphatch leads to central chamber of D:2. ####.##.#.###...#
#.############ (###.##.#.#.....# #.# ........#.#.#.#.# #.# ...#.#####...##.# #.#
............###.# #.# ...#.#####..# #.###.# ..##.# #..# #.....#
..##.#####..#######.# ................@...# ..#################.# ..# #.# #.#
#.# #.#### #.# .....# #.# #.##.# #.# #.##.# #.# #.##.# #.# Turn 3009 on D:3: D:4
uphatch leads to southeastern D:3. .... .... ....[ ..... .o.... ......#
.......### .......@.# ............# ........##..# .##...#.. .# ..#.#... # #. ..
..#. . !. ##.. ... ... Turn 3245 on D:5: D:4 downhatch leads to nearby orc
priest. ### ##_## ##...## ##_..._## ##.......## #_......._# #.........#
#....@....# #.........# #_......._# ##.......## ##_..._## ##...## ##_## ### Turn
3263 on Temple: Temple: little oval. Has some neat blue tiles.

Levels and vault maps discovered:
D:1:      lightli_arrival_chessboard, layout_loops_corners, minmay_statues_item
D:2:      layout_basic
D:3:      layout_loops_ring, mainiacjoe_overflow_alcove_1, uniq_jessica
D:4:      layout_cave_pools, minmay_fountain_box, solitary_fountain,
          grunt_ministairs_8, uniq_sigmund
D:5:      layout_rooms, nicolae_overflow_hallway_of_the_gods,
          minmay_temple_entry_mini_moons, serial_shops, shop,
          kennysheep_generic_room_6, uniq_duvessa
Temple:   hellmonk_temple_micro_hex

Skill      XL: |  1  2  3  4  5  6 |
---------------+-------------------+-----
Stealth        | 3 4 5 |  5.0
Spellcasting   | 3 |  3.0
Air Magic      | 4 5 |  5.5
Staves         | 1 |  1.3
Dodging        | |  1.5
Conjurations   | |  1.0

Action                     |  1- 3 |  4- 6 || total
---------------------------+-------+-------++-------
  Melee: Dagger            |    35 |     2 ||    37
         Bite              |     4 |    18 ||    22
         Staff             |       |    77 ||    77
         Punch             |       |     2 ||     2
   Cast: Shock             |    48 |    45 ||    93
         Static Discharge  |     7 |    18 ||    25
    Use: Scroll            |       |    11 ||    11
         Potion            |       |     1 ||     1
   Stab: Sleeping          |       |     1 ||     1
 Armour: Robe              |     6 |    16 ||    22
         Skin              |       |     9 ||     9
  Dodge: Dodged            |    31 |    67 ||    98
